 Dungeon Sprint DCSS version 0.25-a0-474-ga8a2ee3166 (webtiles) character file.

Game seed: 18300169824999412786, levelgen mode: deterministic

5100000 ICC the Conqueror (level 27, -4/273 HPs)
             Began as a Purple Draconian Monk on Feb 7, 2020.
             Was the Champion of Makhleb.
             Slain by The Servant
             ... wielding a +9 glaive of flaming
              (62 damage)
             ... in the Dungeon (Sprint VIII: "Arena of Blood").
             The game lasted 00:05:37 (51 turns).

ICC the Conqueror (Purple Draconian Monk)             Turns: 51, Time: 00:05:37

Health: -4/273     AC: 13    Str: 14    XL:     27
Magic:  25/54      EV: 38    Int: 12    God:    Makhleb [******]
Gold:   0          SH:  0    Dex: 25    Spells: 80/80 levels left

rFire    . . .     SeeInvis .   i - +∞ Axe of Woe
rCold    . . .     Gourm    .   (shield currently unavailable)
rNeg     . . .     Faith    .   (armour unavailable)
rPois    .         Spirit   .   (helmet restricted)
rElec    .         Reflect  .   (no cloak)
rCorr    .         Harm     .   (no gloves)
MR       ++++.     NoTele   +   (no boots)
Stlth    +++++++++.             (no amulet)
HPRegen  0.55/turn              (no ring)
MPRegen  0.34/turn              (no ring)

@: no status effects
A: breathe power, unfitting armour, cold-blooded, AC +13
a: Breathe Dispelling Energy, Minor Destruction, Lesser Servant of Makhleb,
Major Destruction, Greater Servant of Makhleb, Renounce Religion


You were in the Dungeon.
You worshipped Makhleb.
Makhleb was exalted by your worship.
You were not hungry.

You visited 1 branch

Inventory:

Hand Weapons
 a - a +0 hand axe
 i - the +∞ Axe of Woe (weapon)
   (You found it in the Dungeon)
Scrolls
 h - a scroll of blinking
Potions
 c - a potion of curing
 d - a potion of heal wounds
 e - a potion of haste
 f - 2 potions of magic
 g - a potion of berserk rage
Comestibles
 b - a ration


   Skills:
 O Level 27 Fighting
 O Level 27 Axes
 O Level 27 Throwing
 O Level 27 Dodging
 O Level 27 Stealth
 O Level 27 Unarmed Combat
 O Level 27 Spellcasting
 O Level 27 Invocations


You had 80 spell levels left.
You didn't know any spells.
Your spell library was empty.

Dungeon Overview and Level Annotations

Branches:
Dungeon (1/1)

Altars:
Makhleb

Annotations:
D The Servant


Innate Abilities, Weirdness & Mutations

You can breathe bolts of dispelling energy.
Your rich purple scales are hard. (AC +13)
You cannot fit into any form of body armour.
You are cold-blooded and may be slowed by cold attacks.


Message History

You destroy the large abomination!
Makhleb accepts your kill.
You feel better.
You hear a shout! x4
The tyrant is engulfed in blazing flames.
An accursed comes into view.
You hear a shout! x5
Unknown command.
Unknown command.
Unknown command.
Really walk into that cloud of flame?
You are engulfed in blazing flames.
You hear a shout! x2
The meat berserker rages.
You hear a shout! x3
The Servant is engulfed in blazing flames.
The Servant hits you with a +9 glaive of flaming!!!!
* * * LOW HITPOINT WARNING * * *
The Servant burns you!!!
You die...

.####.....##.##.
#....%.......... .
#..........#.#.
..#.........O.....
...#......z.......
....#.....§.......
......○O§L○§......
......@○)§).......
......○@#○).%...#
..#.....#.))....#
......###).)z...###.
.........))###......
...#........_..M...
.# ......#.....#..
.......#_.<._#
#.......#.....#
#........_......


You could see a tyrant, The Servant, a sculptor of flesh and 2 meat berserkers.

Vanquished Creatures
  11 vampire knights (D)
  8 ogres (D)
  5 two-headed ogres (D)
  46 orcs (D)
  2 skeletal warriors (D)
  A small abomination (D)
  5 large abominations (D)
  3 crawling corpses (D)
81 creatures vanquished.

Notes
Turn   | Place    | Note
-------+----------+-------------------------------------------
     0 | D        | Found the +∞ Axe of Woe
     0 | D        | ICC the Draconian Monk began the quest for the Orb.
     0 | D        | Reached XP level 1. HP: 19/19 MP: 1/1
     1 | D        | Noticed a meat berserker
     3 | D        | Became a worshipper of Makhleb the Destroyer
     3 | D        | Reached * piety under Makhleb
     3 | D        | Reached ** piety under Makhleb
     4 | D        | Noticed a meat berserker
     5 | D        | Noticed a bag of meat
     5 | D        | Noticed a bag of meat
     6 | D        | Noticed a bag of meat
     6 | D        | Noticed a bag of meat
     6 | D        | Noticed a bag of meat
     6 | D        | Noticed a bag of meat
     7 | D        | Noticed a bag of meat
     7 | D        | Noticed a bag of meat
     7 | D        | Noticed a bag of meat
     8 | D        | Killed a meat berserker
     8 | D        | Reached XP level 2. HP: 56/56 MP: 2/2
     8 | D        | Reached XP level 3. HP: 63/63 MP: 3/3
     8 | D        | Reached XP level 4. HP: 71/71 MP: 4/4
     8 | D        | Reached XP level 5. HP: 79/79 MP: 5/5
     8 | D        | Reached XP level 6. HP: 86/86 MP: 6/6
     8 | D        | Your scales start taking on a rich purple colour.
     8 | D        | Reached XP level 7. HP: 94/94 MP: 7/7
     8 | D        | Reached XP level 8. HP: 102/102 MP: 8/8
     8 | D        | Reached XP level 9. HP: 108/108 MP: 9/9
     8 | D        | Reached XP level 10. HP: 117/117 MP: 10/10
     8 | D        | Reached XP level 11. HP: 124/124 MP: 11/11
     8 | D        | Reached XP level 12. HP: 133/133 MP: 12/12
     8 | D        | Reached XP level 13. HP: 139/139 MP: 13/13
     8 | D        | Killed a bag of meat
     8 | D        | Noticed a meat berserker
     8 | D        | Noticed a bag of meat
     8 | D        | Noticed a bag of meat
     8 | D        | Noticed a bag of meat
     8 | D        | Noticed a bag of meat
     8 | D        | Noticed a bag of meat
     8 | D        | Noticed a bag of meat
     9 | D        | Killed a bag of meat
     9 | D        | Reached XP level 14. HP: 157/157 MP: 14/14
     9 | D        | Noticed a bag of meat
     9 | D        | Noticed a bag of meat
     9 | D        | Noticed a bag of meat
     9 | D        | Noticed a bag of meat
     9 | D        | Noticed a bag of meat
    10 | D        | Killed a bag of meat
    10 | D        | Reached *** piety under Makhleb
    10 | D        | Killed a bag of meat
    10 | D        | Reached skill level 10 in Stealth
    10 | D        | Reached XP level 15. HP: 169/169 MP: 15/15
    10 | D        | Noticed a large bag of meat
    11 | D        | Noticed a meat berserker
    11 | D        | Killed a meat berserker
    11 | D        | Reached **** piety under Makhleb
    11 | D        | Reached skill level 27 in Fighting
    11 | D        | Reached skill level 27 in Axes
    11 | D        | Reached XP level 16. HP: 183/183 MP: 16/16
    11 | D        | Killed a meat berserker
    11 | D        | Reached skill level 27 in Dodging
    11 | D        | Reached skill level 15 in Stealth
    11 | D        | Noticed a meat berserker
    12 | D        | Noticed a meat berserker
    14 | D        | Reached XP level 17. HP: 191/191 MP: 16/27
    14 | D        | Reached skill level 10 in Spellcasting
    14 | D        | Reached skill level 10 in Invocations
    15 | D        | Reached ***** piety under Makhleb
    15 | D        | Reached skill level 10 in Throwing
    16 | D        | Reached skill level 15 in Spellcasting
    16 | D        | Reached skill level 15 in Invocations
    16 | D        | Reached XP level 18. HP: 200/200 MP: 16/37
    16 | D        | Reached skill level 15 in Unarmed Combat
    17 | D        | Killed a large bag of meat
    18 | D        | Reached XP level 19. HP: 207/207 MP: 16/43
    19 | D        | Reached ****** piety under Makhleb
    19 | D        | Killed a meat berserker
    19 | D        | Killed a meat berserker
    19 | D        | Reached XP level 20. HP: 216/216 MP: 16/48
    20 | D        | Killed a meat berserker
    20 | D        | Reached skill level 27 in Stealth
    20 | D        | Reached skill level 27 in Spellcasting
    20 | D        | Reached skill level 27 in Invocations
    20 | D        | Reached skill level 27 in Unarmed Combat
    20 | D        | Reached XP level 21. HP: 224/224 MP: 17/52
    21 | D        | Reached skill level 27 in Throwing
    23 | D        | Reached XP level 22. HP: 220/233 MP: 17/53
    26 | D        | Noticed a large bag of meat
    27 | D        | Reached XP level 23. HP: 240/240 MP: 18/54
    27 | D        | Noticed a destroyer
    28 | D        | Noticed a large bag of meat
    28 | D        | Noticed a destroyer
    29 | D        | Noticed a large bag of meat
    29 | D        | Noticed a destroyer
    32 | D        | Reached XP level 24. HP: 249/249 MP: 20/54
    32 | D        | Noticed a destroyer
    33 | D        | Noticed a large bag of meat
    34 | D        | Noticed The Servant
    35 | D        | Killed a destroyer
    35 | D        | Killed a large bag of meat
    35 | D        | Killed a large bag of meat
    35 | D        | Reached XP level 25. HP: 228/257 MP: 20/54
    35 | D        | Noticed a destroyer
    36 | D        | Noticed a destroyer
    36 | D        | Noticed a destroyer
    37 | D        | Killed a large bag of meat
    37 | D        | Killed a destroyer
    37 | D        | Noticed a destroyer
    39 | D        | Killed a large bag of meat
    39 | D        | Reached XP level 26. HP: 266/266 MP: 21/54
    39 | D        | Killed a destroyer
    39 | D        | Noticed a destroyer
    39 | D        | Noticed a destroyer
    39 | D        | Noticed a destroyer
    40 | D        | Killed a destroyer
    41 | D        | Killed a destroyer
    41 | D        | Reached XP level 27. HP: 273/273 MP: 22/54
    43 | D        | Killed a destroyer
    44 | D        | Killed a destroyer
    46 | D        | Killed a destroyer
    47 | D        | Killed a destroyer
    47 | D        | Killed a destroyer
    49 | D        | Noticed a tyrant
    50 | D        | Killed a destroyer
    50 | D        | Noticed an accursed
    51 | D        | Slain by The Servant

Levels and vault maps discovered:
D:        meatsprint

Skill      XL: |  1  2  3  4  5  6  7  8  9 10 11 12 13 14 15 16 17 18 19 20 21 |
---------------+----------------------------------------------------------------+-----
Fighting       | 20 23 25 27 | 27.0
Axes           | 19 22 24 27 | 27.0
Dodging        | 16 19 21 23 27 | 27.0
Stealth        | 7 8 10 11 16 19 22 26 27 | 27.0
Throwing       | 6 13 17 21 25 27 | 27.0
Unarmed Combat | 6 14 19 23 27 | 27.0
Spellcasting   | 7 15 20 24 27 | 27.0
Invocations    | 7 15 20 24 27 | 27.0

Action                   |  1- 3 |  4- 6 |  7- 9 | 10-12 | 13-15 | 16-18 | 19-21 | 22-24 | 25-27 || total
-------------------------+-------+-------+-------+-------+-------+-------+-------+-------+-------++-------
Melee: Executioner's axe |     1 |       |       |       |     3 |     5 |     5 |    10 |    14 ||    38
Dodge: Dodged            |       |       |       |       |       |       |       |     1 |     1 ||     2

Table legend:
 A = Non-vault XP
 B = Vault XP
 C = Vault XP percentage of total XP
 D = Non-vault monster count
 E = Vault monster count
 F = Vault count percentage of total count
                 A         B        C        D         E       F
            +---------+---------+-------+---------+---------+-------
      Total | 1147807 |  788166 |  40.7 |      38 |      40 |  51.3
            +---------+---------+-------+---------+---------+-------
          D | 1147807 |  788166 |  40.7 |      38 |      40 |  51.3
            +---------+---------+-------+---------+---------+-------
